 Dungeon Crawl Stone Soup version 0.17-a0-854-g4a4ba72 (webtiles) character file.

4433 RobertPalmer the Slicer (level 10, 36/53 HPs)
             Began as a Kobold Hunter on Apr 28, 2015.
             Was a Priest of Okawaru.
             Quit the game on level 7 of the Dungeon.
             The game lasted 00:26:30 (9569 turns).

RobertPalmer the Slicer (Kobold Hunter)             Turns: 9569, Time: 00:26:30

Health: 36/53      AC:  8    Str: 11    XL:     10   Next: 62%
Magic:  10/10      EV: 22    Int: 12    God:    Okawaru [***...]
Gold:   315        SH:  0    Dex: 17    Spells: 0 memorised, 9 levels left

rFire  . . .     SeeInvis .     a - +0 dagger (drain)
rCold  . . .     Clarity  .     d - +0 troll leather armour {regen}
rNeg   . . .     SustAb   .     (shield restricted)
rPois  .         Gourm    .     (no helmet)
rElec  .         Spirit   .     m - +1 cloak
rCorr  .         Warding  .     s - +0 pair of gloves
rMut   +         Stasis   .     g - +0 pair of boots
MR     .....                    l - amulet of resist mutation {rMut, !d}
Stlth  ++........               (no ring)
                                (no ring)

@: not resistant to hostile enchantments, unstealthy
A: carnivore 3
a: Heroism, Renounce Religion


You were on level 7 of the Dungeon.
You worshipped Okawaru.
Okawaru was most pleased with you.
You were completely stuffed.

You visited 2 branches of the dungeon, and saw 10 of its levels.

You collected 315 gold pieces.

Inventory:

Hand weapons
 a - a +0 dagger of draining (weapon)
   (You took it off an orc wizard on level 5 of the Dungeon)
 b - a +2 hand crossbow
 B - the +9 long sword of the Countless Places {venom, -Tele MR+ Int+5}
   (You found it on level 7 of the Dungeon)

   It poisons the flesh of those it strikes.
   It affects your intelligence (+5).
   It affects your resistance to hostile enchantments.
   It prevents most forms of teleportation.
Missiles
 n - 2 bolts of flame
 o - 2 throwing nets {=f, !d}
Armour
 d - a +0 troll leather armour (worn) {regen}
   (You found it on level 9 of the Dungeon)
 g - a +0 pair of boots (worn)
   (You found it on level 3 of the Dungeon)
 m - a +1 cloak (worn)
   (You found it on level 1 of the Dungeon)
 s - a +0 pair of gloves (worn)
   (You found it on level 2 of the Dungeon)
Magical staves
 q - an uncursed staff of power {MP+17, !a}
   (You found it on level 9 of the Dungeon)
 C - a cursed staff of power {MP+17, !a}
   (You found it on level 6 of the Dungeon)
 E - an uncursed staff of air {rElec}
   (You found it on level 7 of the Dungeon)
Jewellery
 f - an uncursed ring of teleportation {+/*tele, !d}
   (You found it on level 1 of the Dungeon)
 l - an amulet of resist mutation (around neck) {rMut, !d}
   (You found it on level 1 of the Dungeon)
 p - an uncursed ring of ice {rC+, rF-}
   (You found it on level 5 of the Dungeon)
Magical devices
 c - a wand of flame (29)
   (You found it on level 8 of the Dungeon)
 h - a wand of disintegration (0)
   (You found it on level 5 of the Dungeon)
 w - a wand of frost (22)
   (You found it on level 5 of the Dungeon)
Scrolls
 i - 3 scrolls of identify
 k - 2 scrolls of enchant armour
 t - 4 scrolls of enchant weapon
 u - 2 scrolls of remove curse
 y - a scroll of magic mapping {!r}
 A - a scroll of fog
Potions
 r - 2 potions of restore abilities
 v - a potion of brilliance
 x - a potion of ambrosia {!q}
Comestibles
 e - 2 meat rations {@e2}
 j - a beef jerky
 z - a chunk of flesh {@w0}


   Skills:
 - Level 2.1 Fighting
 - Level 14.5 Short Blades
 - Level 4.8 Crossbows
 + Level 10.9 Dodging
 - Level 1.3 Stealth


You had 9 spell levels left.
You didn't know any spells.

Dungeon Overview and Level Annotations

Branches:
Dungeon (9/15)             Temple (1/1) D:5
   Lair: D:8-11         Orc: D:9-12

Altars:
Ashenzari
Cheibriados
Dithmenos
Elyvilon
Fedhas
Gozag
Kikubaaqudgha
Makhleb
Nemelex Xobeh
Okawaru
Qazlal
Ru
Sif Muna
Vehumet
Xom
Yredelemnul
Zin
The Shining One
Beogh

Annotations:
D:3 RobertPalmer's ghost, average KoHu
D:7 Menkaure
D:8 Prince Ribbit


Innate Abilities, Weirdness & Mutations

You are small and have problems with some larger weapons.
You are carnivorous and can eat meat at any time.


Message History

Health restored: 53 The wight completely misses you.
The jelly hits you but does no damage. The wight hits you with a battleaxe.
You take 4 damage, and have 49/53 hp.
You open the door. The orc hits you but does no damage.
The wight completely misses you.
There is an open door here.
Health restored: 53 The orc warrior shouts!
A sky beast appears from thin air!
Reactivating autopickup.
The orc warrior barely misses you.
The orc warrior hits you with a long sword!
You take 13 damage, and have 40/53 hp.
MASSIVE DAMAGE!!
The sky beast flickers out of sight!
Deactivating autopickup; reactivate with Ctrl-A.
A sky beast appears from thin air!
Reactivating autopickup.
An orc comes into view.
There is a stone staircase leading up here.
The orc warrior hits you with a long sword!
The orc hits you.
You climb upwards.
There is a stone staircase leading down here.
You take 10 damage, and have 41/53 hp.
Unknown command.
The orc completely misses you. The orc warrior completely misses you.
The necrophage closely misses you. The orc warrior misses you.
You see here a fluorescent wand.
c - a wand of flame The orc closely misses you.
The orc warrior barely misses you.
Okay, then.
The orc misses you.
Prince Ribbit comes into view.
Prince Ribbit croaks.
Prince Ribbit blinks!
There is a stone staircase leading up here.
The orc barely misses you.
You climb upwards.
There is a stone staircase leading down here.
You hit the orc. You drain the orc!
You kill the orc!
Okawaru accepts your kill.
Health restored: 53 No target in view!
No target in view!
You now have 315 gold pieces (gained 14).
You see here an orc corpse.
You butcher the orc corpse.
z - 4 chunks of flesh {@w0} You see here an orc skeleton.
Eating one of 4 chunks of flesh {@w0}.
This raw flesh tastes great.
You continue eating. x2
Eating one of 3 chunks of flesh {@w0}.
This raw flesh tastes great.
You continue eating. x2
Eating one of 2 chunks of flesh {@w0}.
This raw flesh tastes great.
You continue eating. x2
You're too full to eat anything.
Unknown command.
You hear a distant slurping noise.
Found a sacrificial altar of Ru.
A slave comes into view.
A slave is nearby!
A slave is nearby!
A slave is nearby!
You hear a distant slurping noise.
Menkaure, Prince of Dust comes into view.
Menkaure gestures wildly while chanting.
Menkaure seems to speed up.
You hit Menkaure but do no damage. Menkaure hits you!
You take 17 damage, and have 36/53 hp.
MASSIVE DAMAGE!!
You completely miss Menkaure. The bat skeleton misses you.
You hit Menkaure but do no damage. The bat skeleton completely misses you.
Menkaure barely misses you. The bat skeleton completely misses you.
You hit Menkaure. The bat skeleton misses you.
You hit Menkaure but do no damage.
The bat skeleton hits you but does no damage.
Menkaure closely misses you. The bat skeleton completely misses you.
You hit Menkaure but do no damage. The bat skeleton completely misses you.
Menkaure misses you.
You hit Menkaure but do no damage. The bat skeleton completely misses you.
You hit Menkaure but do no damage. The bat skeleton closely misses you.
Menkaure completely misses you. The bat skeleton closely misses you.
You hit Menkaure but do no damage. The bat skeleton closely misses you.
You hit Menkaure but do no damage. The bat skeleton closely misses you.
Menkaure misses you. The bat skeleton barely misses you.
You hit Menkaure.
The bat skeleton hits you but does no damage.
Menkaure hits you.
You take 2 damage, and have 36/53 hp.
You hit Menkaure. The bat skeleton barely misses you.
The slave completely misses you.
You hit Menkaure. The bat skeleton misses you. Menkaure misses you.
The bat skeleton barely misses you.
Unknown command.
You hit Menkaure but do no damage. The bat skeleton barely misses you.
The slave misses you.

.....## # .....## ###..
##.....###.... # .............#
##.. ............### #..... .
...>..........####...... ..
....÷................... ..
.................Z....... #.
...............p@M....... #.
.........................#######.
......≈.≈......................#.
.....≈.≈.≈.......................
.....#...#.....................<.
.....#.≈.#.....................Z.
.....#...#.....................n.
.....#.≈.#.......................
.....#...#.......................


You could see a slave, Menkaure and a bat skeleton.

Vanquished Creatures
  A troll (D:9)
  A two-headed ogre (D:6)
  2 orc warriors (D:9)
  A water moccasin (D:5)
  An ice beast (D:6)
  3 phantoms
  5 sky beasts
  2 necrophages
  7 ogres
  3 centaurs
  A crocodile (D:9)
  5 giant frogs
  A scorpion (D:9)
  3 wights
  3 killer bees (D:9)
  5 crimson imps
  A centaur zombie (D:6)
  A jelly (D:5)
  2 giant frog zombies
  A giant frog skeleton (D:4)
  A wasp zombie (D:7)
  3 orc priests
  2 hounds
  An iguana (D:6)
  7 orc wizards
  4 worker ants
  A worker ant zombie (D:6)
  2 hound zombies
  12 adders
  6 gnolls (D:4)
  A shadow imp (D:9)
  An adder skeleton (D:7)
  4 worms
  8 giant geckos
  32 orcs
  18 bats
  3 bat skeletons
  7 giant cockroaches
  9 hobgoblins
  7 quokkas
  A ball python (D:4)
  2 giant cockroach zombies
  3 giant newts
  A giant spore (D:7)
  11 goblins
  A jackal (D:6)
  16 kobolds
  2 quokka skeletons
  8 rats
223 creatures vanquished.

Vanquished Creatures (others)
  An orc (D:4)
1 creature vanquished.

Grand Total: 224 creatures vanquished

Notes
Turn   | Place    | Note
--------------------------------------------------------------
     0 | D:1      | RobertPalmer, the Kobold Hunter, began the quest for the Orb.
     0 | D:1      | Reached XP level 1. HP: 12/12 MP: 1/1
    27 | D:1      | Reached skill level 1 in Short Blades
   178 | D:1      | Reached skill level 2 in Short Blades
   178 | D:1      | Reached XP level 2. HP: 17/17 MP: 2/2
   644 | D:2      | Reached skill level 3 in Short Blades
   644 | D:2      | Reached XP level 3. HP: 18/21 MP: 3/3
   834 | D:2      | Reached skill level 4 in Short Blades
   845 | D:2      | Reached XP level 4. HP: 26/26 MP: 4/4
   971 | D:2      | Found a burning altar of Makhleb.
  1189 | D:2      | Reached skill level 5 in Short Blades
  1681 | D:3      | Noticed RobertPalmer's ghost (average KoHu)
  2455 | D:3      | Reached XP level 5. HP: 30/30 MP: 5/5
  2495 | D:3      | Reached skill level 6 in Short Blades
  2616 | D:3      | Reached XP level 6. HP: 35/35 MP: 6/6
  2651 | D:3      | Reached skill level 7 in Short Blades
  3224 | D:4      | Reached skill level 8 in Short Blades
  3565 | D:4      | Reached XP level 7. HP: 40/40 MP: 7/7
  3769 | D:4      | Found a shadowy altar of Dithmenos.
  3833 | D:4      | Reached skill level 9 in Short Blades
  4049 | D:5      | Entered Level 5 of the Dungeon
  4217 | D:5      | Reached skill level 10 in Short Blades
  4431 | D:6      | HP: 7/40 [orc wizard/magic dart (10)]
  4721 | D:6      | Reached XP level 8. HP: 24/44 MP: 8/8
  5274 | D:5      | Reached skill level 11 in Short Blades
  5412 | D:5      | Found a staircase to the Ecumenical Temple.
  5555 | Temple   | Entered the Ecumenical Temple
  5604 | Temple   | Became a worshipper of Warmaster Okawaru
  5687 | D:5      | Reached skill level 12 in Short Blades
  5755 | D:5      | Found a snail-covered altar of Cheibriados.
  5945 | D:6      | Reached XP level 9. HP: 30/48 MP: 9/9
  6028 | D:6      | Reached skill level 13 in Short Blades
  6217 | D:6      | Noticed a two-headed ogre
  6230 | D:6      | Killed a two-headed ogre
  6230 | D:6      | Acquired Okawaru's first power
  6378 | D:6      | Found a glowing golden altar of the Shining One.
  6546 | D:6      | Reached skill level 14 in Short Blades
  7107 | D:6      | Reached skill level 3 in Dodging
  7108 | D:6      | HP: 12/48 [giant frog (2)]
  7413 | D:6      | Reached skill level 4 in Dodging
  7642 | D:6      | Reached skill level 5 in Dodging
  7720 | D:7      | Got a warped long sword
  7723 | D:7      | Identified the +9 long sword of the Countless Places {venom, -Tele MR+ Int+5} (You found it on level 7 of the Dungeon)
  7812 | D:7      | Reached skill level 6 in Dodging
  7950 | D:6      | Reached XP level 10. HP: 47/53 MP: 10/10
  8065 | D:7      | Reached skill level 7 in Dodging
  8513 | D:9      | Reached skill level 8 in Dodging
  8579 | D:9      | Found a glowing silver altar of Zin.
  8744 | D:9      | Reached skill level 9 in Dodging
  8930 | D:9      | Reached skill level 10 in Dodging
  8977 | D:9      | Found a roughly hewn altar of Beogh.
  9074 | D:9      | HP: 13/53 [ogre/giant club (23)]
  9502 | D:8      | Noticed Prince Ribbit
  9526 | D:7      | Found a sacrificial altar of Ru.
  9550 | D:7      | Noticed Menkaure
  9569 | D:7      | Quit the game

Action                   |  1- 3 |  4- 6 |  7- 9 | 10-12 || total
-------------------------+-------+-------+-------+-------++-------
Melee: Short sword       |    63 |   144 |    87 |       ||   294
       Dagger            |       |       |   481 |   406 ||   887
 Fire: Hand crossbow     |    10 |   112 |   123 |    11 ||   256
Throw: Throwing net      |       |       |     1 |       ||     1
Evoke: Wand              |       |       |     5 |     4 ||     9
  Use: Scroll            |       |     8 |     5 |     4 ||    17
       Potion            |       |     3 |     3 |     5 ||    11
 Stab: Sleeping          |     2 |     1 |     2 |     1 ||     6
       Distracted        |     2 |       |       |       ||     2
       Invisible         |       |       |     3 |       ||     3
       Held in net/web   |       |       |     1 |       ||     1
  Eat: Chunk             |     1 |     8 |    12 |     7 ||    28
       Meat ration       |       |     1 |     2 |       ||     3

Vault maps used:
D:1:      dpeg_arrival_radiant
D:2:      bloody_makhleb
D:3:      first_bread
D:4:      wad_pebble_path, grunt_dithmenos_smoke
D:5:      kennysheep_little_box, minmay_temple_entry_purple_smoke
D:6:      forest_paths, lemuel_coloured_pillars_altar, minmay_misc_feat_tiny
D:7:      nicolae_ru_path_of_blood, serial_undead, serial_undead_c,
          serial_undead_a, serial_undead_e, serial_undead_a, serial_undead_c,
          serial_undead_b, serial_undead_e, serial_undead_a, serial_undead_e,
          serial_undead_f, serial_shops, shop_statue, uniq_pikel,
          uniq_crazy_yiuf_cottage, uniq_menkaure
D:8:      old_standard_altar, minmay_lair_entry_lava, serial_shops, shop_statue,
          uniq_prince_ribbit1
D:9:      kennysheep_mini_moat, special_room
Temple:   water_room_temple_b_12

Table legend:
 A = Turns spent in this place as a percentage of turns spent in the entire game.
 B = Non-inter-level travel turns spent in this place as a percentage of non-inter-level travel turns spent in the entire game.
 C = Inter-level travel turns spent in this place as a percentage of turns spent in this place.
 D = Turns resting spent in this place as a percentage of non-inter-level travel turns spent in this place.
 E = Turns spent auto-exploring this place as a percentage of non-inter-level travel turns spent in this place.
 F = Non-inter-level travel turns spent in this place divided by the number of levels of this place that you've seen.
                   A       B       C       D       E      F
               +-------+-------+-------+-------+-------+----------------------
         Total | 100.0 | 100.0 |   0.4 |   1.7 |   5.8 | 412.7
       Dungeon |  99.2 |  99.2 |   0.4 |   1.8 |   5.8 | 455.0
        Temple |   0.8 |   0.8 |   3.0 |   0.0 |   0.0 |  32.0
               +-------+-------+-------+-------+-------+----------------------

Table legend:
 A = Kills in this place as a percentage of kills in entire the game.
 B = Kills by you in this place as a percentage of kills by you in the entire game.
 C = Kills by friends in this place as a percentage of kills by friends in the entire game.
 D = Other kills in this place as a percentage of other kills in the entire game.
 E = Experience gained in this place as a percentage of experience gained in the entire game.
 F = Experience gained in this place divided by the number of levels of this place that you have seen.
                   A       B       C       D       E      F
               +-------+-------+-------+-------+-------+----------------------
         Total | 100.0 | 100.0 |  -nan | 100.0 | 100.0 | 633.4
       Dungeon | 100.0 | 100.0 |  -nan | 100.0 | 100.0 | 703.8
               +-------+-------+-------+-------+-------+----------------------
